 Dungeon Crawl Stone Soup version 0.30-b1-6-gad0e9d6a2d (webtiles) character file.

Game seed: 12243982305080936952

6633 H0rd4k the Carver (level 11, -14/83 HPs)
             Began as a Human Artificer on May 4, 2023.
             Was an Initiate of Gozag.
             Killed from afar by Fannar (29 damage)
             ... with a bolt of cold
             ... on level 10 of the Dungeon on May 5, 2023.
             The game lasted 00:18:14 (11034 turns).

H0rd4k the Carver (Human Artificer)                Turns: 11034, Time: 00:18:14

Health: -14/83     AC: 12    Str: 17    XL:     11   Next: 22%
Magic:  20/20      EV: 13    Int: 21    God:    Gozag
Gold:   1165       SH:  5    Dex: 13    Spells: 23/23 levels left

rFire   . . .        p - +7 falchion (elec)
rCold   . . .        (no shield)
rNeg    . . .        b - +3 leather armour
rPois   .            (no helmet)
rElec   .            (no cloak)
rCorr   .            c - +2 pair of gloves {Str+3}
SInv    .            I - +2 pair of boots {Stlth+}
Will    +....        M - amulet of reflection
Stlth   +++          r - ring of willpower
HPRegen 0.33/turn    F - +6 ring of intelligence
MPRegen 0.17/turn

%: reflection
@: about to teleport
A: no striking features
a: Renounce Religion, Potion Petition, Call Merchant, Bribe Branch


You were on level 10 of the Dungeon.
You worshipped Gozag.
Gozag was most pleased with you.
You visited 2 branches of the dungeon, and saw 11 of its levels.
You also visited: Ossuary and Bailey.

You collected 1702 gold pieces.
You spent 475 gold pieces at shops.
You paid 62 gold pieces to Gozag.

Inventory:

Hand Weapons
 p - a +7 falchion of electrocution (weapon)
Missiles
 e - 36 poisoned darts
 G - 2 throwing nets
Armour
 b - a +3 leather armour (worn)
 c - a +2 pair of gloves of strength (worn)
 D - a +1 leather armour of poison resistance
 I - a +2 pair of boots of stealth (worn)
Magical Staves
 C - a staff of earth
Jewellery
 r - a ring of willpower (left hand)
 F - a +6 ring of intelligence (right hand)
 M - an amulet of reflection (around neck)
 N - a ring of protection from cold
Wands
 d - a wand of charming (9)
Scrolls
 a - a scroll of torment {unknown}
 j - 2 scrolls of silence
 o - a scroll of amnesia
 s - a scroll of immolation {unknown}
 t - a scroll of brand weapon {unknown}
 u - a scroll of teleportation
 w - 3 scrolls of magic mapping {unknown}
 y - a scroll of noise {unknown}
 z - a scroll of vulnerability {unknown}
 H - a scroll of acquirement {unknown}
 K - 3 scrolls of identify
 L - a scroll of fog {unknown}
 O - a scroll of enchant armour
Potions
 g - 5 potions of cancellation
 h - 3 potions of attraction
 i - 2 potions of haste {unknown}
 k - 3 potions of degeneration
 l - 2 potions of lignification
 m - 2 potions of brilliance {unknown}
 n - a potion of resistance {unknown}
 q - 2 potions of might
 v - 3 potions of curing
 x - a potion of invisibility {unknown}
 A - 3 potions of mutation {unknown}
 B - 2 potions of magic {unknown}
 J - a potion of berserk rage {unknown}
Miscellaneous
 E - a lightning rod (2/4)


   Skills:
 + Level 6.8 Fighting
 + Level 10.3 Long Blades
 - Level 2.2 Maces & Flails
 - Level 2.0 Armour
 + Level 5.0 Dodging
 + Level 4.6 Stealth
 + Level 0.1 Shields
 * Level 6.5 Spellcasting
 + Level 4.9 Evocations


You had 23 spell levels left.
You didn't know any spells.
Your spell library contained the following spells:

 Spells                   Type           Power      Damage    Failure   Level
 Sandblast                Erth           12%        2d6       11%         1
 Passwall                 Tmut/Erth      5%         N/A       17%         2
 Stone Arrow              Conj/Erth      12%        3d7       32%         3


Dungeon Overview and Level Annotations

Branches:
Dungeon (10/15)            Temple (1/1) D:4            Lair (0/5) D:10
Ossuary (visited)          Bailey (visited)
    Orc: D:9-12

Altars:
Ashenzari
Cheibriados
Dithmenos
Elyvilon
Fedhas
Gozag
Hepliaklqana
Kikubaaqudgha
Makhleb
Nemelex Xobeh
Okawaru
Qazlal
Ru
Sif Muna
Trog
Uskayaw
Vehumet
Wu Jian
Xom
Yredelemnul
Zin
The Shining One

Shops:
D:1 [   D:10 *

Annotations:
D:4 1 exclusion
D:5 exclusion: downstairs
D:7 exclusion: orc
D:9 exclusion: downstairs, Psyche
D:10 Fannar


Message History

Fannar is heavily wounded.
Fannar hits you but does no damage.
The ice beast hits you but does no damage.
You hit Fannar.
Fannar is severely wounded.
The shadow misses you. You block Fannar's attack.
The ice beast hits you but does no damage.
You miss Fannar.
Fannar is severely wounded.
The shadow hits you. Fannar hits you but does no damage.
The ice beast closely misses you.
You hit Fannar. Lightning courses through Fannar!
Fannar is almost dead.
The shadow closely misses you. Fannar gestures at you while chanting.
The bolt of cold hits you!!!
Ouch! That really hurt!
* * * LOW HITPOINT WARNING * * *
The bolt of cold hits the ice beast.
The ice beast completely resists.
Okay, then.
You feel much better. The ice beast barely misses you.
The shadow slips into darkness.
The shadow flickers and vanishes!
Deactivating autopickup; reactivate with Ctrl-A.
As you read the scroll of teleportation, it crumbles to dust.
You feel strangely unstable. The ice beast barely misses you.
The shadow strikes at you from the darkness!
* * * LOW HITPOINT WARNING * * *
Reactivating autopickup.
Fannar casts a spell.
The shadow attacks as you move away! The shadow hits you.
The ice beast barely misses you.
The shadow slips into darkness.
The shadow flickers and vanishes!
Deactivating autopickup; reactivate with Ctrl-A.
Fannar gestures at you while chanting.
The bolt of cold hits the ice beast.
The ice beast completely resists.
The bolt of cold hits you!!
You die...
Your body crumbles into a pile of gold.

#................
#................
#..)#####...###.. #...# #...#
# #...# #...# .# #...# #...#
..# #...# #...###...#
#...#####...Y..e..#
#...........@Y{Y..# #..?
#.................# #..#
#.................# #..#
#...############..# #..#
#...# #..# #..# #...#
#..######..#
#...############..........###
#............................
#...................>........


You could see Fannar and 3 ice beasts.

Vanquished Creatures
  A gargoyle (Bailey)
  Grinder (D:5)
  Prince Ribbit (D:7)
  A shadow (D:9)
  4 yaks (D:9)
  A vampire (Bailey)
  A wraith (D:9)
  A wyvern (D:9)
  A steam dragon (D:8)
  An acid dragon (D:9)
  A water moccasin (D:7)
  2 orc warriors
  3 black bears
  2 ice beasts (D:6)
  A sky beast (D:7)
  3 centaurs
  2 kobold brigands
  7 elf zombies (Ossuary)
  4 scorpions
  3 wights (D:8)
  8 vampire bats (Bailey)
  A jelly (D:7)
  5 wolf zombies (Bailey)
  8 crimson imps
  2 centaur zombies (Ossuary)
  3 human zombies (Ossuary)
  3 gnoll boudas
  6 orc priests
  A hound (D:5)
  Terence (D:2)
  3 sleepcaps
  4 iguanas
  Natasha (twice) (D:2)
  5 orc wizards
  3 mummies (Ossuary)
  12 gnolls
  2 river rats (D:10)
  6 adders
  A shadow imp (D:5)
  3 white imps
  3 ufetubi
  A dart slug (D:4)
  24 orcs
  9 ball pythons
  3 bats
  8 endoplasms
  5 giant cockroaches
  15 goblins
  9 hobgoblins
  7 quokkas
  2 frilled lizards
  18 kobolds
  19 orc zombies (Bailey)
  3 rats
246 creatures vanquished.

Vanquished Creatures (collateral kills)
  A bullfrog (D:7)
  A jelly (D:5)
  A hound (D:5)
  3 orc priests (D:8)
  2 orc wizards
  A hell rat (D:10)
  5 orcs
  A hobgoblin (D:2)
  A frilled lizard (D:2)
16 creatures vanquished.

Vanquished Creatures (others)
  A steam dragon (D:8)
  An orc warrior (D:8)
  2 wights (D:8)
  An orc (D:4)
  A giant cockroach (D:1)
  A goblin (D:1)
  A kobold (D:8)
8 creatures vanquished.

Grand Total: 270 creatures vanquished

Notes
Turn   | Place    | Note
-------+----------+-------------------------------------------
     0 | D:1      | H0rd4k the Human Artificer began the quest for the Orb.
     0 | D:1      | Reached XP level 1. HP: 15/15 MP: 1/1
   168 | D:1      | Reached XP level 2. HP: 7/21 MP: 2/2
   171 | D:1      | HP: 1/21 [goblin/+0 club (4)]
   392 | D:1      | Found Idotsiax's Armour Emporium.
   505 | D:1      | Reached skill level 1 in Maces & Flails
   505 | D:1      | Reached XP level 3. HP: 26/26 MP: 3/3
  1394 | D:2      | Reached XP level 4. HP: 4/32 MP: 4/4
  1615 | D:2      | Noticed Natasha
  1624 | D:2      | Killed Natasha
  1831 | D:2      | Noticed Terence
  1894 | D:2      | Upgraded the game from 0.30-b1-5-g8e6c1be481 to
                  | 0.30-b1-6-gad0e9d6a2d
  1910 | D:2      | Killed Terence
  1911 | D:2      | Reached XP level 5. HP: 35/38 MP: 5/5
  1912 | D:2      | Noticed Natasha
  1924 | D:2      | Killed Natasha
  2574 | D:3      | Found an ornate altar of the Wu Jian Council.
  2607 | D:3      | Reached skill level 1 in Long Blades
  2607 | D:3      | Reached skill level 1 in Spellcasting
  2607 | D:3      | Reached XP level 6. HP: 14/44 MP: 5/7
  3089 | D:3      | Found an iron altar of Okawaru.
  3292 | D:4      | Found a hide-covered altar of Uskayaw.
  3295 | D:4      | Found a snail-covered altar of Cheibriados.
  3297 | D:4      | Found a radiant altar of Vehumet.
  3297 | D:4      | Found a glowing silver altar of Zin.
  3299 | D:4      | Found a sparkling altar of Nemelex Xobeh.
  3299 | D:4      | Found an ancient bone altar of Kikubaaqudgha.
  3299 | D:4      | Found a hazy altar of Hepliaklqana.
  3300 | D:4      | Found a shadowy altar of Dithmenos.
  3391 | D:4      | Found a staircase to the Ecumenical Temple.
  3398 | D:4      | Noticed a black bear
  3404 | D:4      | Reached skill level 2 in Long Blades
  3407 | D:4      | Killed a black bear
  3412 | Temple   | Entered the Ecumenical Temple
  3681 | D:4      | Reached XP level 7. HP: 49/51 MP: 9/9
  3698 | D:4      | Found an opulent altar of Gozag.
  3708 | D:4      | Became a worshipper of Gozag Ym Sagoz the Greedy
  3858 | D:4      | Reached skill level 3 in Long Blades
  3905 | D:4      | Found a stormy altar of Qazlal.
  3971 | D:4      | You fall into a shaft and drop 2 floors!
  4132 | D:5      | Entered Level 5 of the Dungeon
  4134 | D:5      | Noticed Grinder
  4152 | D:5      | Reached skill level 4 in Long Blades
  4202 | D:5      | Reached XP level 8. HP: 38/58 MP: 9/11
  4351 | D:5      | Reached skill level 5 in Long Blades
  4356 | D:5      | HP: 1/58 [orc/+0 war axe (6)]
  4369 | D:5      | Found a sand-covered staircase.
  4387 | Ossuary  | Entered an ossuary
  4655 | Ossuary  | HP: 2/59 [elf zombie (5)]
  4893 | Ossuary  | Reached skill level 6 in Long Blades
  5131 | Ossuary  | Reached XP level 9. HP: 50/65 MP: 14/14
  5749 | D:5      | Killed Grinder
  5750 | D:5      | Reached skill level 5 in Fighting
  5750 | D:5      | Reached skill level 7 in Long Blades
  5864 | D:5      | Found a shimmering altar of Xom.
  5867 | D:5      | Found a burning altar of Makhleb.
  6934 | D:1      | Bought a +2 pair of gloves of strength for 215 gold pieces
  6934 | D:1      | Bought a +2 pair of boots of stealth for 215 gold pieces
  7110 | D:7      | Noticed Prince Ribbit
  7116 | D:7      | Killed Prince Ribbit
  7220 | D:7      | Reached skill level 8 in Long Blades
  7260 | D:7      | Reached XP level 10. HP: 43/74 MP: 16/16
  7304 | D:7      | Found a flagged portal.
  7342 | Bailey   | Entered a bailey
  7659 | Bailey   | Reached skill level 5 in Spellcasting
  7782 | Bailey   | Noticed a gargoyle
  7792 | Bailey   | Killed a gargoyle
  7927 | Bailey   | Reached skill level 9 in Long Blades
  9946 | D:9      | Identified the +2 robe "Mithye Zaru" {rPois Will- Slay+2}
 10008 | D:9      | Reached XP level 11. HP: 83/83 MP: 20/20
 10026 | D:9      | Reached skill level 10 in Long Blades
 10453 | D:9      | Noticed Psyche
 10601 | D:10     | Entered Level 10 of the Dungeon
 10611 | D:10     | Noticed a death yak
 10661 | D:10     | Found Awur's General Store.
 10727 | D:10     | Bought a scroll of teleportation for 45 gold pieces
 10770 | D:10     | Reached skill level 5 in Dodging
 10902 | D:10     | Noticed a two-headed ogre
 10959 | D:10     | Found a staircase to the Lair.
 11018 | D:10     | Noticed Fannar
 11034 | D:10     | Killed from afar by Fannar

Illustrated notes

Levels and vault maps discovered:
D:1:      shiori_arrival_elements, layout_loops_ring, serial_shops, shop,
          minmay_pentomino_s2
D:2:      layout_basic, uniq_terence, uniq_natasha
D:3:      layout_loops_ring, kennysheep_okawaru_gauntlet,
          mainiacjoe_overflow_alcove_1, minivault_4
D:4:      layout_loops_cross, grunt_temple_overflow_open, grunt_qazlal_clouds,
          mainiacjoe_overflow_cross_hatched, temple_fountains
D:5:      layout_basic, grunt_temple_overflow_champion_of_chaos,
          enter_ossuary_1, uniq_grinder
D:6:      layout_gridville
D:7:      layout_gridville, enter_bailey_3, ebering_dispersal_statue_hall,
          minmay_nine_imps, uniq_prince_ribbit1
D:8:      layout_rooms
D:9:      layout_roguey, palyth_stone_intersect, uniq_psyche
D:10:     gammafunk_cloud_chamber, layout_small_grid, dpeg_lair_monsters,
          serial_shops, nicolae_shop_tiny_real_fake_doors, uniq_fannar
Temple:   hellmonk_temple_forest_ring

Skill      XL: |  1  2  3  4  5  6  7  8  9 10 11 |
---------------+----------------------------------+-----
Maces & Flails | 1 2 |  2.2
Dodging        | 2 3 4 5 |  5.0
Fighting       | 2 3 4 5 6 |  6.8
Long Blades    | 1 2 4 6 8 9 10 | 10.3
Spellcasting   | 1 2 3 4 6 |  6.5
Stealth        | 2 3 4 |  4.6
Evocations     | 4 |  4.9
Armour         | |  2.0
Shields        | |  0.1

Action                     |  1- 3 |  4- 6 |  7- 9 | 10-12 || total
---------------------------+-------+-------+-------+-------++-------
  Melee: Club              |   173 |    27 |       |       ||   200
         Punch             |     1 |       |     6 |     3 ||    10
         Falchion          |       |   108 |   264 |   308 ||   680
  Evoke: Wand              |     8 |     8 |    17 |    14 ||    47
         Lightning rod     |       |       |       |     4 ||     4
    Use: Scroll            |       |       |     3 |    11 ||    14
         Potion            |       |       |     3 |     3 ||     6
   Stab: Sleeping          |     2 |     2 |     4 |     9 ||    17
         Distracted        |       |       |       |     1 ||     1
 Armour: Leather armour    |    49 |    22 |    64 |   102 ||   237
  Dodge: Dodged            |   129 |    95 |   160 |   219 ||   603
  Block: Other             |       |       |       |    13 ||    13
